AoeStats
← Evan Mason

Arena

506369907Analyzed
4v4 RM · 20d ago on Sep 13, 2026· 72m 27s· 8 players
Game mode
Random Map
Map size
Large (8 player)
Population
200
Speed
Normal
Resources
Standard
Victory
Conquest
Starting age
Dark Age
Ending age
Imperial Age
RankedLock teamsTeams togetherTeam positionsShared explorationLock speedFull tech treeHidden civsTurbo modeCheats
Victory
Defeat
🇹🇷 Vietnamese · Türkiye
746
+14
🇩🇪 Teutons · Germany
683
+16
🇪🇸 Cumans · Spain
672
+17
🇦🇺 Franks · Australia
656
+18
🇨🇳 Huns · China
742
-18
🇮🇩 Cumans · Indonesia
709
-17
🇹🇼 Vietnamese · Taiwan
680
-16
🇨🇳 Burgundians · China
641
-14
vampire.du
5:51 Loom
13:18 Feudal Age
14:29 Town Watch
19:18 Castle Age
17:07 Double-Bit Axe
17:30 Stone Mining
17:32 Horse Collar
18:10 Gold Mining
19:47 Wheelbarrow
19:30 Fletching
20:17 Bow Saw
21:42 Hand Cart
22:09 Elite Skirmisher
27:32 Thumb Ring
28:52 Bodkin Arrow
28:24 Pikeman
31:46 Imperial Age
29:31 Pikeman
31:44 Squires
31:34 Arson
32:20 Halberdier
33:08 Bracer
33:57 Heavy Plow
34:26 Ballistics
36:07 Two-Man Saw
38:08 Chemistry
37:08 Imperial Skirmisher
37:57 Elite Fire Lancer
38:28 Treadmill Crane
39:56 Padded Archer Armor
40:10 Forging
41:26 Leather Archer Armor
42:13 Herbal Medicine
45:38 Ring Archer Armor
46:06 Town Patrol
48:02 Iron Casting
46:54 Elite Battle Elephant
48:10 Paper Money
49:22 Bloodlines
50:08 Chatras
52:39 Scale Mail Armor
54:12 Husbandry
54:40 Chain Mail Armor
60:52 Onager
63:08 Plate Mail Armor
Lagi Gabut
0:30 Loom
12:10 Feudal Age
23:30 Double-Bit Axe
23:32 Horse Collar
28:35 Castle Age
28:14 Scale Mail Armor
28:58 Forging
29:50 Heavy Plow
30:02 Bow Saw
29:47 Gold Mining
29:48 Stone Mining
31:14 Capped Ram
35:27 Imperial Age
33:28 Pikeman
34:09 Squires
36:09 Wheelbarrow
35:38 Siege Ram
35:43 Halberdier
37:03 Iron Casting
38:37 Conscription
39:21 Chain Mail Armor
40:07 Blast Furnace
39:21 Masonry
39:08 Murder Holes
39:34 Ballistics
41:47 Hand Cart
41:41 Onager
43:14 Caravan
43:44 Coinage
43:25 Guilds
44:04 Plate Mail Armor
44:34 Elite Kipchak
46:21 Banking
46:04 Scale Barding Armor
46:58 Cuman Mercenaries
48:34 Chain Barding Armor
49:53 Steppe Husbandry
56:29 Hoardings
58:47 Two-Man Saw
58:20 Crop Rotation
58:47 Gold Shaft Mining
61:36 Plate Barding Armor
71:55 Chemistry
Evan Mason
10:50 Feudal Age
9:09 Horse Collar
11:49 Heavy Plow
22:08 Castle Age
20:05 Loom
24:23 Wheelbarrow
25:38 Crop Rotation
27:55 Town Watch
28:32 Double-Bit Axe
33:20 Ballistics
33:15 Forging
33:13 Scale Barding Armor
33:02 Fletching
35:08 Bow Saw
35:17 Town Patrol
35:35 Hand Cart
37:52 Imperial Age
37:51 Husbandry
37:15 Cavalier
38:39 Squires
39:46 Chemistry
38:58 Fortified Wall
38:44 Murder Holes
39:46 Iron Casting
39:32 Chain Barding Armor
39:09 Bodkin Arrow
39:47 Stone Mining
39:48 Gold Mining
44:53 Blast Furnace
44:29 Plate Barding Armor
43:55 Bracer
44:19 Burgundian Vineyards
47:41 Scale Mail Armor
47:42 Padded Archer Armor
49:40 Paladin
49:44 Onager
50:37 Elite Skirmisher
54:13 Imperial Skirmisher
54:44 Pikeman
56:27 Halberdier
59:48 Chain Mail Armor
59:49 Leather Archer Armor
63:19 Flemish Revolution
yuanda_sun
11:46 Feudal Age
12:25 Horse Collar
12:36 Double-Bit Axe
13:30 Wheelbarrow
13:39 Gold Mining
13:41 Stone Mining
19:28 Castle Age
20:32 Hand Cart
20:20 Heavy Plow
20:34 Bow Saw
21:28 Town Watch
21:36 Fletching
21:57 Forging
21:54 Scale Barding Armor
21:56 Caravan
25:03 Town Patrol
26:01 Ballistics
26:14 Masonry
27:19 Husbandry
27:30 Bloodlines
28:19 Iron Casting
28:05 Chain Barding Armor
36:53 Imperial Age
35:29 Bodkin Arrow
35:35 Scale Mail Armor
35:36 Padded Archer Armor
36:44 Elite Skirmisher
38:43 Chemistry
38:58 Blast Furnace
38:34 Plate Barding Armor
38:16 Chain Mail Armor
38:35 Cavalier
40:52 Two-Man Saw
39:54 Paladin
40:36 Imperial Skirmisher
43:34 Bracer
SeçkinA.
0:28 Loom
9:55 Feudal Age
10:53 Double-Bit Axe
13:59 Loom
19:50 Castle Age
18:16 Horse Collar
18:32 Gold Mining
19:49 Stone Mining
19:28 Man-at-Arms
19:54 Arson
20:17 Scale Mail Armor
20:50 Heavy Plow
21:44 Bow Saw
26:24 Squires
28:10 Wheelbarrow
30:12 Imperial Age
28:20 Squires
28:10 Treadmill Crane
28:50 Hand Cart
28:22 Town Watch
28:04 Elite Skirmisher
28:34 Long Swordsman
30:05 Forging
30:26 Caravan
31:37 Crop Rotation
32:09 Two-Man Saw
30:54 Two-Handed Swordsman
32:06 Padded Archer Armor
32:15 Imperial Skirmisher
33:22 Town Patrol
35:08 Ballistics
35:49 Chemistry
34:45 Murder Holes
35:01 Fortified Wall
35:10 Champion
36:12 Leather Archer Armor
37:59 Stone Shaft Mining
37:58 Ring Archer Armor
39:20 Chain Mail Armor
39:41 Iron Casting
38:59 Fletching
39:58 Paper Money
41:03 Plate Mail Armor
49:42 Bodkin Arrow
Sg1Sga
11:00 Feudal Age
16:57 Castle Age
17:01 Pikeman
17:42 Squires
17:28 Gambesons
18:14 Double-Bit Axe
19:12 Horse Collar
22:42 Heavy Plow
26:26 Wheelbarrow
27:33 Stone Mining
27:44 Gold Mining
28:42 Bow Saw
28:27 Elite Skirmisher
31:06 Hand Cart
32:02 Fortified Wall
32:15 Loom
35:50 Imperial Age
33:07 Town Watch
35:49 Stone Shaft Mining
35:50 Ballistics
35:41 Scale Mail Armor
35:50 Scale Barding Armor
37:53 Two-Man Saw
37:10 Forging
37:44 Crop Rotation
38:00 Caravan
37:52 Halberdier
40:07 Conscription
41:21 Cavalier
43:08 Paladin
44:30 Chain Barding Armor
44:26 Chain Mail Armor
44:14 Padded Archer Armor
48:04 Fletching
48:29 Leather Archer Armor
50:34 Town Patrol
51:52 Plate Barding Armor
53:06 Chemistry
53:08 Elite Teutonic Knight
55:56 Plate Mail Armor
56:02 Iron Casting
67:04 Ironclad
cabama
11:48 Feudal Age
12:50 Double-Bit Axe
13:13 Horse Collar
14:22 Wheelbarrow
15:49 Gold Mining
22:09 Castle Age
22:44 Scale Barding Armor
23:29 Hand Cart
23:28 Bow Saw
24:13 Gold Shaft Mining
23:32 Stone Mining
23:44 Heavy Plow
24:15 Bloodlines
24:20 Forging
25:31 Chain Barding Armor
27:54 Iron Casting
31:19 Steppe Husbandry
34:25 Imperial Age
33:47 Ballistics
34:35 Coinage
35:04 Thumb Ring
35:54 Crop Rotation
36:27 Two-Man Saw
36:09 Conscription
36:11 Padded Archer Armor
36:32 Guilds
36:45 Elite Steppe Lancer
38:19 Elite Kipchak
40:32 Cuman Mercenaries
43:52 Parthian Tactics
52:08 Plate Barding Armor
52:34 Blast Furnace
51:50 Leather Archer Armor
51:25 Fletching
56:10 Bodkin Arrow
56:47 Ring Archer Armor
56:19 Scale Mail Armor
TownsVanFran
0:44 Loom
11:50 Feudal Age
13:22 Double-Bit Axe
14:18 Wheelbarrow
19:47 Castle Age
18:57 Forging
19:52 Stone Mining
19:52 Gold Mining
21:33 Bow Saw
23:57 Scale Barding Armor
29:21 Caravan
29:58 Murder Holes
32:14 Scale Mail Armor
32:38 Chain Barding Armor
32:33 Padded Archer Armor
33:01 Husbandry
34:45 Pikeman
35:25 Squires
38:24 Imperial Age
36:40 Hand Cart
38:42 Ballistics
38:33 Fortified Wall
39:04 #83
39:35 Iron Casting
39:32 Conscription
39:48 Hoardings
38:53 Cavalier
39:33 Halberdier
41:39 Chemistry
49:47 Paladin
52:50 Paladin
54:21 Conscription
56:36 Chivalry
66:19 Hoardings
71:51 Blast Furnace
71:27 Plate Barding Armor
70:58 Scale Mail Armor
71:18 Leather Archer Armor
Connection lost

Rejoining the realm…

Still unreachable

The connection could not be restored.

Session expired

The server has moved on; the page needs a fresh start.